 Dungeon Crawl Stone Soup version 0.30-a0-161-gdd60e06945 (webtiles) character file.

Game seed: 6542263277246440774

16 qw the Shield-Bearer (level 2, -6/19 HPs)
             Began as a Gargoyle Fighter on Sept 27, 2022.
             Killed from afar by Sigmund (11 damage)
             ... with a magic dart
             ... on level 2 of the Dungeon.
             The game lasted 00:00:20 (979 turns).

qw the Shield-Bearer (Gargoyle Fighter)              Turns: 979, Time: 00:00:20

Health: -6/19      AC: 10    Str: 19    XL:     2   Next: 58%
Magic:  2/2        EV:  9    Int:  8    God:
Gold:   53         SH:  0    Dex:  9    Spells: 1/1 levels left

rFire   . . .      SeeInvis .    Y - +0 war axe
rCold   . . .      Faith    .    c - +0 buckler
rNeg    + . .      Spirit   .    b - +0 scale mail
rPois   inf        Reflect  .    (no helmet)
rElec   +          Harm     .    (no cloak)
rCorr   .          Rampage  .    (no gloves)
Will    .....                    h - +0 pair of boots
Stlth   ..........               (no amulet)
HPRegen 0.06/turn                (no ring)
MPRegen 0.08/turn                (no ring)

@: confused
A: sickness immunity, AC +2, negative energy resistance 1, electricity
resistance, torment resistance 1, petrification resistance
a: no special abilities


You were on level 2 of the Dungeon.
You visited 1 branch of the dungeon, and saw 2 of its levels.

You collected 53 gold pieces.


Innate Abilities, Weirdness & Mutations

You are immune to sickness and miasma.
Your stone body is resilient. (AC +2)
You are immune to poison.
You resist negative energy. (rN+)
You are resistant to electric shocks. (rElec)
You are resistant to unholy torment.
You are immune to petrification.


   Skills:
 - Level 3.2 Fighting
 + Level 2.8 Axes
 - Level 3.2 Armour
 - Level 3.2 Shields


You had one spell level left.
You didn't know any spells.
Your spell library was empty.

Inventory:

Hand Weapons
 g - a +0 club
 Y - a +0 war axe (weapon)
Armour
 b - a +0 scale mail (worn)
 c - a +0 buckler (worn)
 h - a +0 pair of boots (worn)
Potions
 a - a potion of brilliance {unknown}
 d - a potion of might

Dungeon Overview and Level Annotations

Branches:
Dungeon (2/15)

Altars:

Annotations:
D:2 Sigmund


Message History

You're too confused to attack without stumbling around!
There is a strange disturbance nearby!
You're too confused to attack without stumbling around!
There is a strange disturbance nearby!
Something hits you.
You're too confused to attack without stumbling around!
There is a strange disturbance nearby!
Something hits you.
You're too confused to attack without stumbling around!
There is a strange disturbance nearby!
You feel less confused.
You miss something.
You hear some strange, mumbled words.
You are confused.
You hear some strange, mumbled words.
Something tries to affect you, but you resist.
You're too confused to attack without stumbling around!
There is a strange disturbance nearby!
You hear some strange, mumbled words.
A magic dart appears from out of thin air!
The magic dart hits you but does no damage.
You're too confused to attack without stumbling around!
There is a strange disturbance nearby!
You hear some strange, mumbled words.
You are more confused.
You're too confused to attack without stumbling around!
There is a strange disturbance nearby!
Something hits you but does no damage.
You're too confused to attack without stumbling around!
There is a strange disturbance nearby!
You're too confused to attack without stumbling around!
There is a strange disturbance nearby!
Something hits you!
You're too confused to attack without stumbling around!
There is a strange disturbance nearby!
You hear some strange, mumbled words.
A magic dart appears from out of thin air!
The magic dart hits you!
Ouch! That really hurt!
You die...

.####%#.#
#.###.#.#
........#
#.......#
#######.#
#.###.###.# #.#
#.# #.....# #.#
#.# #.###.# #.#
#.# #.#
..#.########.# #.#
.............###.#
........{@......#
###############


There were no monsters in sight!

Vanquished Creatures
  A dart slug (D:1)
  5 giant cockroaches
  A goblin (D:1)
  2 ball pythons (D:1)
  2 frilled lizards
  A kobold (D:1)
  2 rats
14 creatures vanquished.

Notes
Turn   | Place    | Note
-------+----------+-------------------------------------------
     0 | D:1      | qw the Gargoyle Fighter began the quest for the Orb.
     0 | D:1      | Reached XP level 1. HP: 14/14 MP: 1/1
     0 | D:1      | 0 ||| qw: Version: 0.2-a-10-g37ed214
     0 | D:1      | 0 ||| qw: Game counter: 626
     0 | D:1      | 0 ||| qw: Always use a shield: true
     0 | D:1      | 0 ||| qw: God list: Okawaru
     0 | D:1      | 0 ||| qw: Allow faded altars: false
     0 | D:1      | 0 ||| qw: Do Orc after D:15 true
     0 | D:1      | 0 ||| qw: Do second Lair branch before Depths: true
     0 | D:1      | 0 ||| qw: Lair rune preference: random
     0 | D:1      | 0 ||| qw: Plans: Normal, Zot:1-4, God:TSO, Crypt, Tomb,
                  | Pan, Slime:5, Hells, Abyss, Orb
     0 | D:1      | 0 ||| PLANNING D:1-11
   421 | D:1      | Reached XP level 2. HP: 19/19 MP: 2/2
   458 | D:1      | 458 ||| Stepping ~*~*~tactically~*~*~ (hiding).
   562 | D:1      | 562 ||| Stepping ~*~*~tactically~*~*~ (hiding).
   667 | D:1      | Found a faded altar of an unknown god.
   740 | D:1      | 740 ||| UPGRADING to +0 pair of boots.
   745 | D:1      | 745 ||| READING scroll labelled JIALUR ZOLERPH.
   746 | D:1      | 746 ||| READING scroll labelled POYSIDW KEUPUA.
   747 | D:1      | 747 ||| READING scroll labelled OBIJEA KEUB.
   750 | D:1      | 750 ||| READING scroll labelled ONOOCYA TYRIPP.
   816 | D:2      | 816 ||| FLEEEEING.
   961 | D:2      | Noticed Sigmund
   979 | D:2      | Killed from afar by Sigmund

Levels and vault maps discovered:
D:1:      dpeg_arrival_tiny_a, layout_rooms,
          hellmonk_ecumenical_altar_defaced_shrine
D:2:      layout_basic, serial_shops, shop, minivault_5, uniq_sigmund

Skill      XL: |  1 |
---------------+----+-----
Axes           | 2 |  2.8
Fighting       | |  3.2
Armour         | |  3.2
Shields        | |  3.2

Action                   || total
-------------------------++-------
Melee: War axe           ||    43
  Use: Scroll            ||     4
Armor: Scale mail        ||    20
Dodge: Dodged            ||    12
Block: Buckler           ||     4

Table legend:
 A = Non-vault XP
 B = Vault XP
 C = Vault XP percentage of total XP
 D = Non-vault monster count
 E = Vault monster count
 F = Vault count percentage of total count
                 A         B        C        D         E       F
            +---------+---------+-------+---------+---------+-------
      Total |      11 |      13 |  54.2 |       8 |       6 |  42.9
            +---------+---------+-------+---------+---------+-------
        D:1 |       7 |      13 |  65.0 |       5 |       6 |  54.5
        D:2 |       4 |       0 |   0.0 |       3 |       0 |   0.0
            +---------+---------+-------+---------+---------+-------
